 Dungeon Sprint DCSS version 0.18.1-47-g9310371 (webtiles) character file.

60739 rftp080 the Impregnable (level 15, -3/103 HPs)
             Began as a Gargoyle Gladiator on June 22, 2016.
             Was the Champion of Makhleb.
             Slain by a wolf spider (5 damage)
             ... in the Dungeon (Sprint IX: "|||||||||||||||||||||||||||||").
             The game lasted 00:16:33 (2361 turns).

rftp080 the Impregnable (Gargoyle Gladiator)        Turns: 2361, Time: 00:16:34

Health: -3/103     AC: 21    Str: 21    XL:     15   Next: 0%
Magic:  2/15       EV: 16    Int: 11    God:    Makhleb [******]
Gold:   11         SH:  0    Dex: 15    Spells: 0 memorised, 14 levels left

rFire  . . .     SeeInvis .     o - +7 lajatang (elec)
rCold  . . .     Gourm    .     u - +0 plate armour
rNeg   + . .     Faith    .     (shield currently unavailable)
rPois  ∞         Spirit   .     c - +0 helmet
rElec  +         Dismiss  .     s - +0 cloak
rCorr  .         Reflect  .     E - +0 pair of gloves
SustAt .         Harm     .     t - +0 pair of boots
MR     +....     NoTele   +     (no amulet)
Stlth  ..........               w - +2 ring of evasion
                                v - +3 ring of strength

@: weakened, corroded, somewhat resistant to hostile enchantments, extremely
unstealthy
A: big wings, negative energy resistance 1, electricity resistance, unbreathing,
petrification resistance, rot immunity, AC +11
a: Fly, Minor Destruction, Lesser Servant of Makhleb, Major Destruction, Greater
Servant of Makhleb, Renounce Religion


You were in the Dungeon.
You worshipped Makhleb.
Makhleb was exalted by your worship.
You were not hungry.

You visited 1 branch You collected 1941 gold pieces.
You spent 1930 gold pieces at shops.

Inventory:

Hand Weapons
 a - a +0 quarterstaff
 o - a +7 lajatang of electrocution (weapon)
 p - a +2 morningstar of crushing
 q - the +2 rapier "Fophi" {freeze, rPois Str+7 Int-2}
   (You found it in the Dungeon)

   It has been specially enchanted to freeze those struck by it, causing extra
   injury to most foes and up to half again as much damage against particularly
   susceptible opponents.
   It can also slow down cold-blooded creatures.
   It affects your strength (+7).
   It affects your intelligence (-2).
   It protects you from poison.
 r - a +2 scimitar of flaming
 M - a +3 triple sword of slicing
 P - a +4 vampiric great sword
Missiles
 d - 4 throwing nets (quivered)
Armour
 b - a +0 leather armour
 c - a +0 helmet (worn)
 s - a +0 cloak (worn)
 t - a +0 pair of boots (worn)
 u - a +0 plate armour (worn)
 E - a +0 pair of gloves (worn)
Magical Staves
 n - an uncursed staff of energy
Rods
 G - a +0 rod of inaccuracy (14/14)
   (You bought it in a shop in the Dungeon)
Jewellery
 v - a +3 ring of strength (left hand)
 w - a +2 ring of evasion (right hand)
 H - an uncursed ring of protection from fire
 I - an uncursed ring of protection from cold
 J - an uncursed ring of fire
 K - an uncursed ring of ice
Wands
 e - a wand of lightning (0/15)
 m - a wand of iceblast (0/15)
 A - a wand of polymorph (0/24)
 F - a wand of heal wounds (0/9)
Scrolls
 j - 4 scrolls of remove curse
 l - 2 scrolls of amnesia
 y - 2 scrolls of fog
 B - a scroll of recharging
 N - a scroll of identify
Potions
 i - 4 potions of magic
Comestibles
 f - 13 bread rations
 C - 40 fruits
 D - 11 meat rations
 O - 10 chunks of flesh


   Skills:
 - Level 15.5 Fighting
 + Level 16.2 Long Blades
 - Level 18.0 Staves
 - Level 2.1 Throwing
 - Level 25.5 Armour
 - Level 12.5 Dodging


You had 14 spell levels left.
You didn't know any spells.

Dungeon Overview and Level Annotations

Branches:
Dungeon (1/1)

Altars:
Cheibriados
Dithmenos
Elyvilon
Fedhas
Gozag
Kikubaaqudgha
Makhleb
Nemelex Xobeh
Okawaru
Pakellas
Qazlal
Ru
Sif Muna
Trog
Vehumet
Xom
Yredelemnul
Zin
The Shining One
Beogh
Jiyva
Lugonu

Shops:
D *?(}

Annotations:
D Gloorx Vloq


Innate Abilities, Weirdness & Mutations

You are resistant to torment.
Your stone body is resilient (AC +11).
You are immune to poison.
Your large and strong wings let you fly indefinitely.
You resist negative energy.
You are resistant to electric shocks.
You can survive without breathing.
You are immune to petrification.
You are immune to rotting.


Message History

The wolf spider is heavily wounded.
Gloorx Vloq gestures.
The slime creature hits you.
* * * LOW HITPOINT WARNING * * *
The wolf spider hits you.
* * * LOW HITPOINT WARNING * * *
The wolf spider bites you but does no damage.
You closely miss the wolf spider.
The wolf spider is heavily wounded.
The Executioner gestures.
The Executioner seems to speed up.
Gloorx Vloq gestures.
The wolf spider closely misses you.
The wolf spider bites you but does no damage.
The vault sentinel blows a loud note on a signal horn!
The slime creature misses you.
You slash the wolf spider!
There is a sudden explosion of sparks!
The wolf spider is severely wounded.
The wolf spider hits you.
You die...

.....'.......).)((...(()()(.....[
▓▓▓▓▓▓▓▓▓▓▓▓▓▓▓▓▓▓▓▓▓▓▓▓▓▓▓▓▓▓▓▓▓
.................................
▓▓▓▓▓▓▓▓▓▓▓▓▓▓▓▓▓▓▓▓▓▓▓▓▓▓▓▓▓♣♣♣♣
........'.....†.†††^.†))().)†.(..
▓▓▓▓▓▓▓▓▓▓▓▓▓▓▓▓▓▓▓▓▓▓▓▓▓▓▓▓▓♣♣♣♣
.................................
▓▓▓▓▓▓▓▓▓▓▓▓▓▓▓▓▓▓▓▓▓▓▓▓▓▓▓▓▓▓▓▓▓
..oppps@J5Kp&1q.)q1.....
▓▓▓▓▓▓▓▓▓▓▓▓▓▓▓▓▓▓▓▓▓▓▓▓


You could see Gloorx Vloq, an ironheart preserver, a vault warden, a mottled
draconian scorcher, an orc knight, an Executioner, a slime creature, a wolf
spider, a vault sentinel, an ironbrand convoker, a kobold demonologist and an
iron imp.

Vanquished Creatures
  Saint Roka (D)
  A golden dragon (D)
  Rupert (D)
  A storm dragon (D)
  2 fire giants (D)
  A frost giant (D)
  3 stone giants (D)
  A vampire knight (D)
  A very ugly thing (D)
  An ettin (D)
  A merfolk javelineer (D)
  2 merfolk impalers (D)
  Harold (D)
  A yaktaur captain (D)
  5 hydras (D)
  2 rakshasas (D)
  2 alligators (D)
  A catoblepas (D)
  A merfolk avatar (D)
  A deep troll earth mage (D)
  2 tengu warriors (D)
  A deep troll shaman (D)
  6 death yaks (D)
  A shock serpent (D)
  A hell knight (D)
  A naga sharpshooter (D)
  Urug (D)
  A giant orange brain (D)
  A sea snake (D)
  An unseen horror (shapeshifter) (D)
  2 ironbrand convokers (D)
  A swamp dragon (D)
  A naga ritualist (D)
  2 orc knights (D)
  2 necromancers (D)
  A hill giant (D)
  6 orc sorcerers (D)
  A deep elf mage (D)
  2 wolf spiders (D)
  A cyclops (D)
  A hornet (D)
  An ugly thing (D)
  A manticore (D)
  A black mamba (D)
  Joseph (D)
  4 naga magi (D)
  3 spiny frogs (D)
  2 water nymphs (D)
  A komodo dragon (D)
  3 yaktaurs (D)
  A kobold demonologist (D)
  2 jumping spiders (D)
  A giant leech (D)
  A merfolk (D)
  2 trolls (D)
  A slime creature (D)
  2 boulder beetles (D)
  A blink frog (shapeshifter) (D)
  A bog body (D)
  A redback (D)
  A tarantella (D)
  A tarantella (shapeshifter) (D)
  A wyvern (D)
  Eustachio (D)
  4 yaks (D)
  2 basilisks (D)
  A vampire mosquito (D)
  2 hippogriffs (D)
  A naga (D)
  2 porcupines (D)
  13 orc warriors (D)
  An eye of draining (shapeshifter) (D)
  3 sky beasts (D)
  An ogre (D)
  2 wolves (D)
  A crocodile (D)
  4 giant frogs (D)
  A crimson imp (D)
  A jelly (D)
  4 orc priests (D)
  2 worker ants (D)
  15 orc wizards (D)
  2 adders (D)
  2 river rats (D)
  A giant gecko (D)
  6 orcs (D)
  2 bat skeletons (D)
  A giant cockroach (D)
  A goblin (D)
  A hobgoblin (D)
  A jackal (D)
  A kobold (D)
178 creatures vanquished.

Vanquished Creatures (others)
  A redback (D)
  A tarantella (D)
2 creatures vanquished.

Grand Total: 180 creatures vanquished

Notes
Turn   | Place    | Note
--------------------------------------------------------------
     0 | D        | rftp080 the Gargoyle Gladiator began the quest for the Orb.
     0 | D        | Reached XP level 1. HP: 12/12 MP: 1/1
    15 | D        | Reached XP level 2. HP: 15/18 MP: 2/2
    22 | D        | Noticed a sky beast
    22 | D        | Noticed an ogre
    27 | D        | Killed an ogre
    27 | D        | Reached skill level 4 in Armour
    27 | D        | Reached XP level 3. HP: 22/22 MP: 3/3
    27 | D        | Reached XP level 4. HP: 27/27 MP: 4/4
    46 | D        | Reached skill level 5 in Armour
    46 | D        | Reached XP level 5. HP: 19/31 MP: 5/5
    60 | D        | Killed a sky beast
    60 | D        | Reached skill level 6 in Armour
    70 | D        | Found a glowing silver altar of Zin.
    70 | D        | Found a glowing golden altar of the Shining One.
    70 | D        | Found an ancient bone altar of Kikubaaqudgha.
    70 | D        | Found a basalt altar of Yredelemnul.
    70 | D        | Found a shimmering altar of Xom.
    70 | D        | Found a radiant altar of Vehumet.
    71 | D        | Found an iron altar of Okawaru.
    72 | D        | Found a burning altar of Makhleb.
    73 | D        | Found a deep blue altar of Sif Muna.
    74 | D        | Found a bloodstained altar of Trog.
    75 | D        | Found a sparkling altar of Nemelex Xobeh.
    76 | D        | Found a white marble altar of Elyvilon.
    77 | D        | Found a roughly hewn altar of Beogh.
    78 | D        | Found a viscous altar of Jiyva.
    79 | D        | Found a corrupted altar of Lugonu.
    80 | D        | Became a worshipper of Makhleb the Destroyer
    81 | D        | Found a blossoming altar of Fedhas.
    82 | D        | Found a snail-covered altar of Cheibriados.
    83 | D        | Found a shadowy altar of Dithmenos.
    84 | D        | Found a stormy altar of Qazlal.
    85 | D        | Found an opulent altar of Gozag.
    86 | D        | Found a sacrificial altar of Ru.
    87 | D        | Found an oddly glowing altar of Pakellas.
   105 | D        | Got the +2 rapier "Fophi" {freeze, rPois Str+7 Int-2}
   233 | D        | Noticed a sky beast
   233 | D        | Noticed a sky beast
   233 | D        | Noticed a yak
   233 | D        | Noticed a hippogriff
   249 | D        | Killed a hippogriff
   249 | D        | Reached * piety under Makhleb
   249 | D        | Reached skill level 10 in Staves
   249 | D        | Reached skill level 8 in Armour
   249 | D        | Reached XP level 6. HP: 31/36 MP: 6/6
   266 | D        | Killed a yak
   266 | D        | Reached skill level 9 in Armour
   266 | D        | Reached XP level 7. HP: 31/40 MP: 7/7
   282 | D        | Reached skill level 10 in Armour
   288 | D        | Reached ** piety under Makhleb
   298 | D        | Noticed a troll
   298 | D        | Noticed a kobold demonologist
   331 | D        | Killed a kobold demonologist
   331 | D        | Reached *** piety under Makhleb
   331 | D        | Reached skill level 11 in Armour
   331 | D        | Reached XP level 8. HP: 45/45 MP: 8/8
   343 | D        | Killed a troll
   343 | D        | Reached skill level 12 in Armour
   356 | D        | Reached **** piety under Makhleb
   481 | D        | Noticed a yak
   494 | D        | Reached ***** piety under Makhleb
   497 | D        | Reached skill level 13 in Armour
   504 | D        | Killed a yak
   504 | D        | Reached XP level 9. HP: 49/49 MP: 9/9
   529 | D        | Noticed a catoblepas
   529 | D        | Noticed a seven-headed hydra
   533 | D        | Noticed a komodo dragon
   570 | D        | Reached ****** piety under Makhleb
   570 | D        | Reached skill level 14 in Armour
   577 | D        | Killed a nine-headed hydra
   577 | D        | Reached skill level 15 in Staves
   577 | D        | Reached skill level 15 in Armour
   590 | D        | Killed a catoblepas
   590 | D        | Reached XP level 10. HP: 25/54 MP: 10/10
   642 | D        | Reached skill level 16 in Armour
   655 | D        | Noticed a spiny frog
   660 | D        | Killed a spiny frog
   676 | D        | Noticed a death yak
   676 | D        | Noticed a death yak
   676 | D        | Noticed a death yak
   676 | D        | Noticed a death yak
   679 | D        | Noticed a death yak
   684 | D        | Killed a death yak
   687 | D        | Noticed a death yak
   698 | D        | Killed a death yak
   698 | D        | Reached skill level 17 in Armour
   703 | D        | Killed a death yak
   709 | D        | Killed a death yak
   709 | D        | Reached skill level 18 in Armour
   709 | D        | Reached XP level 11. HP: 58/58 MP: 11/11
   717 | D        | Killed a death yak
   723 | D        | Killed a death yak
   761 | D        | Noticed Eustachio
   784 | D        | Killed Eustachio
   784 | D        | Reached skill level 5 in Fighting
   844 | D        | Noticed Urug
   857 | D        | Killed Urug
   928 | D        | Reached skill level 5 in Dodging
   942 | D        | Reached skill level 19 in Armour
  1077 | D        | Found Baever Zamo's Gadget Boutique.
  1077 | D        | Noticed an orc sorcerer
  1079 | D        | Noticed an orc sorcerer
  1093 | D        | Noticed an orc sorcerer
  1097 | D        | Killed an orc sorcerer
  1112 | D        | Noticed an orc sorcerer
  1114 | D        | Killed an orc sorcerer
  1122 | D        | Noticed a sixfirhy
  1133 | D        | Killed an orc sorcerer
  1134 | D        | Found Beuxuwit's Weapon Shop.
  1142 | D        | Paralysed by an orc sorcerer for 2 turns
  1145 | D        | Noticed a sun demon
  1145 | D        | Killed an orc sorcerer
  1145 | D        | Reached skill level 20 in Armour
  1149 | D        | Found Ymoetyv's Magic Scroll Boutique.
  1153 | D        | Found Leum's General Store.
  1155 | D        | Noticed an orc sorcerer
  1164 | D        | Killed an orc sorcerer
  1195 | D        | Bought a wand of heal wounds (4/9) for 528 gold pieces
  1195 | D        | Bought a +0 rod of inaccuracy (14/14) for 1045 gold pieces
  1250 | D        | Noticed Joseph
  1276 | D        | Bought a scroll of brand weapon for 260 gold pieces
  1276 | D        | Bought a scroll of blinking for 97 gold pieces
  1286 | D        | Killed Joseph
  1340 | D        | Noticed Harold
  1348 | D        | Killed Harold
  1348 | D        | Reached XP level 12. HP: 66/75 MP: 12/12
  1443 | D        | Noticed a seven-headed hydra
  1443 | D        | Noticed a six-headed hydra
  1448 | D        | Noticed a green very ugly thing
  1460 | D        | Killed a 12-headed hydra
  1467 | D        | Killed a nine-headed hydra
  1467 | D        | Reached skill level 21 in Armour
  1480 | D        | Noticed a tengu warrior
  1483 | D        | Killed a brown very ugly thing
  1483 | D        | Reached skill level 10 in Fighting
  1484 | D        | Noticed a rakshasa
  1490 | D        | Noticed a stone giant
  1512 | D        | Killed a tengu warrior
  1518 | D        | Killed a rakshasa
  1519 | D        | Noticed a stone giant
  1520 | D        | Noticed a stone giant
  1523 | D        | Noticed a rakshasa
  1530 | D        | Killed a stone giant
  1538 | D        | Killed a stone giant
  1538 | D        | Reached skill level 22 in Armour
  1568 | D        | Killed a rakshasa
  1679 | D        | Noticed a shock serpent
  1695 | D        | Noticed a naga sharpshooter
  1703 | D        | Reached XP level 13. HP: 86/86 MP: 13/13
  1721 | D        | Reached skill level 10 in Dodging
  1735 | D        | Reached skill level 23 in Armour
  1810 | D        | Noticed a merfolk impaler
  1810 | D        | Noticed a merfolk impaler
  1819 | D        | Noticed a merfolk javelineer
  1824 | D        | Killed a merfolk impaler
  1846 | D        | Killed a merfolk impaler
  1846 | D        | Reached skill level 24 in Armour
  1862 | D        | Killed a merfolk javelineer
  1994 | D        | Noticed Rupert
  2014 | D        | Killed Rupert
  2031 | D        | Noticed Saint Roka
  2036 | D        | Reached skill level 25 in Armour
  2059 | D        | Killed Saint Roka
  2059 | D        | Reached skill level 15 in Fighting
  2059 | D        | Gained mutation: Your large and strong wings let you fly indefinitely. [Gargoyle growth]
  2059 | D        | Reached XP level 14. HP: 85/98 MP: 14/14
  2114 | D        | Noticed a fire giant
  2122 | D        | Killed a fire giant
  2122 | D        | Reached skill level 5 in Long Blades
  2126 | D        | Noticed a storm dragon
  2127 | D        | Noticed a golden dragon
  2135 | D        | Noticed a stone giant
  2143 | D        | Noticed a vampire knight
  2153 | D        | Noticed a fire giant
  2167 | D        | Killed a golden dragon
  2175 | D        | Paralysed by something for 3 turns
  2186 | D        | Killed a storm dragon
  2191 | D        | Killed a stone giant
  2197 | D        | Killed a fire giant
  2210 | D        | Killed a vampire knight
  2292 | D        | Reached skill level 15 in Long Blades
  2295 | D        | Noticed an Executioner
  2295 | D        | Noticed a mottled draconian scorcher
  2295 | D        | Noticed Gloorx Vloq
  2295 | D        | Noticed a frost giant
  2299 | D        | Noticed an Executioner
  2302 | D        | Killed a frost giant
  2307 | D        | Noticed an ironheart preserver
  2313 | D        | Noticed a vault warden
  2317 | D        | Noticed an Executioner
  2324 | D        | HP: 4/98 [slime creature (9)]
  2345 | D        | Reached XP level 15. HP: 29/103 MP: 2/15
  2359 | D        | Noticed an Executioner
  2359 | D        | HP: 2/103 [wolf spider (5)]
  2361 | D        | Slain by a wolf spider

Skill      XL: |  1  2  3  4  5  6  7  8  9 10 11 12 13 14 |
---------------+-------------------------------------------+-----
Throwing       | 2 |  2.1
Dodging        | 3 7 9 12 | 12.5
Staves         | 7 8 10 11 12 14 16 18 | 18.0
Armour         | 4 5 8 9 11 13 15 18 20 22 25 | 25.5
Fighting       | 8 12 15 | 15.5
Long Blades    | 16 | 16.2

Action                   |  1- 3 |  4- 6 |  7- 9 | 10-12 | 13-15 || total
-------------------------+-------+-------+-------+-------+-------++-------
Melee: Quarterstaff      |    15 |    67 |    90 |       |       ||   172
       Lajatang          |       |       |    53 |   417 |   414 ||   884
Evoke: Wand              |       |       |     7 |     6 |     4 ||    17
  Use: Potion            |     2 |     2 |     2 |     4 |    16 ||    26
       Scroll            |       |       |     3 |     3 |     6 ||    12
 Stab: Invisible         |       |     5 |       |       |       ||     5
  Eat: Chunk             |       |       |       |     5 |       ||     5
       Meat ration       |       |       |       |       |     1 ||     1
Armor: Leather armour    |     1 |     8 |       |       |       ||     9
       Plate armour      |       |    20 |   105 |   210 |   294 ||   629
       Skin              |       |       |       |     4 |       ||     4
Dodge: Dodged            |     9 |    26 |    59 |   134 |   266 ||   494
